cohdb
Replays
Latest Replays
All Replays
Popular Replays
Top Player Replays
Match Explorer
How It Works
Community
CoH3 Stats
Reddit
Sign in to upload your games and track your stats! →
Sign in with Steam
Match 43846021
Unlisted
Match 43846021
Overview
Messages
Build Orders
End
Kradschützen Motorcycle Team
Kradschützen Motorcycle Team
250 Light Carrier
Construct Light Support Kompanie
Assault Grenadier Squad
Fire Support Elements
Assault Grenadier Squad
Flakvierling Half-track
Panzerjäger Mechanized Group
Panzerjäger Squad
Flakvierling Half-track
Selects Armored Support Battlegroup
Selects Superior Fire Drills
2.5-tonne Medical Truck
Construct Panzerarmee Kommand
matrix4x4
insane_28
0
0
Comments
sign in to comment!
No comments posted yet!